 Dungeon Crawl Stone Soup version 0.27.0-1-g7a089689b8 (webtiles) character file.

Game seed: 5836573542157208427

0 tylerjbraun the Ducker (level 1, -1/11 HPs)
             Began as a Spriggan Abyssal Knight on Aug 10, 2021.
             Was a Follower of Lugonu.
             Killed by a magical explosion (10 damage)
             ... on level 4 of the Abyss.
             The game lasted 00:11:22 (464 turns).

tylerjbraun the Ducker (Spriggan Abyssal Knight)     Turns: 464, Time: 00:11:23

Health: -1/11      AC:  3    Str: 11    XL:     1   Next: 0%
Magic:  3/3        EV: 17    Int: 13    God:    Lugonu [*.....]
Gold:   117        SH:  0    Dex: 14    Spells: 0/0 levels left

rFire    x . .     SeeInvis +   n - +9 dagger of the Doomed Warrior {vorpal, Fly rElec rN+ Str+3}
rCold    + . .     Faith    .   (shield restricted)
rNeg     + . .     Spirit   .   b - +1 robe
rPois    .         Reflect  .   (helmet restricted)
rElec    +         Harm     .   (no cloak)
rCorr    .         Rampage  .   (gloves unavailable)
Will     .....                  (boots unavailable)
Stlth    +.........             (no amulet)
HPRegen  0.03/turn              h - ring of ice
MPRegen  0.08/turn              (no ring)

@: flying, heavily contaminated, glowing, very quick
A: very small, no large weapons, unfitting armour, see invisible, speed 3
a: Renounce Religion, Depart the Abyss


You were on level 4 of the Abyss.
You worshipped Lugonu.
Lugonu was aware of your devotion.
You visited 0 branches of the dungeon, and saw 0 of its levels.
You visited the Abyss 1 time.

You collected 117 gold pieces.

Inventory:

Hand Weapons
 a - a +1 short sword
 c - a +0 hunting sling
 g - a +1 dagger of draining
 l - a +0 arbalest
 m - a +0 hunting sling
 n - the +9 dagger of the Doomed Warrior (weapon) {vorpal, Fly rElec rN+ Str+3}
   (You found it on level 4 of the Abyss)

   It inflicts extra damage upon your enemies.
   Str:       It affects your strength (+3).
   rElec:     It insulates you from electricity.
   rN:        It protects you from negative energy.
   Fly:       It grants you flight.
Missiles
 e - 19 bolts
 k - 18 arrows
Armour
 b - a +1 robe (worn)
Jewellery
 h - a ring of ice (left hand)
Scrolls
 f - a scroll of immolation
Potions
 d - a potion of heal wounds {unknown}
 i - a potion of lignification {unknown}
 j - a potion of curing {unknown}


   Skills:
 + Level 2.4 Fighting
 + Level 2.1 Short Blades
 + Level 3.2 Dodging
 + Level 1.7 Invocations


You couldn't memorise any spells.
You didn't know any spells.
Your spell library was empty.

Dungeon Overview and Level Annotations

Branches:
Dungeon (0/15)

Altars:


Innate Abilities, Weirdness & Mutations

You are very small and have problems with some larger weapons.
You are too small for most types of armour.
You have supernaturally acute eyesight. (SInv)
You cover ground extremely quickly. (Speed+++)


Message History

You are engulfed in mutagenic fog.
The mutagenic energy flows into you.
You are very lightly contaminated with residual magic.
Really walk into that cloud of mutagenic fog?
You are engulfed in mutagenic fog.
The mutagenic energy flows into you.
You are engulfed in mutagenic fog.
The mutagenic energy flows into you.
You are lightly contaminated with residual magic.
You are engulfed in mutagenic fog.
The mutagenic energy flows into you.
You are contaminated with residual magic.
You see here a +1 dagger of draining.
g - a +1 dagger of draining You are engulfed in mutagenic fog.
The mutagenic energy flows into you.
The green very ugly thing basks in the mutagenic energy from its kin and changes!
You are engulfed in mutagenic fog.
The mutagenic energy flows into you.
You see here the +9 dagger of the Doomed Warrior {vorpal, Fly rElec rN+ Str+3}.
n - the +9 dagger of the Doomed Warrior {vorpal, Fly rElec rN+ Str+3} You are engulfed in mutagenic fog.
The mutagenic energy flows into you.
You feel stronger.
You fly up into the air.
n - the +9 dagger of the Doomed Warrior (weapon)
{vorpal, Fly rElec rN+ Str+3} Really fly into that cloud of mutagenic fog?
You are engulfed in mutagenic fog.
The mutagenic energy flows into you.
You are engulfed in mutagenic fog.
The mutagenic energy flows into you.
The purple very ugly thing is engulfed in mutagenic fog.
The purple very ugly thing basks in the mutagenic energy from its kin and changes!
You are engulfed in mutagenic fog.
The mutagenic energy flows into you.
You are heavily infused with residual magic.
Really fly into that cloud of mutagenic fog?
You are engulfed in mutagenic fog.
The mutagenic energy flows into you.
The green very ugly thing is engulfed in mutagenic fog.
The worldbinder is engulfed in mutagenic fog.
The green very ugly thing is engulfed in mutagenic fog.
The green very ugly thing is engulfed in mutagenic fog.
The green very ugly thing basks in the mutagenic energy and changes!
The green very ugly thing is engulfed in mutagenic fog.
The green very ugly thing is engulfed in mutagenic fog.
The worldbinder calls forth creatures from the Snake Pit!
Your body shudders with the violent release of wild energies!
The magical storm engulfs you!
Ouch! That really hurt!
You die...

# # ....# . .... . # ..
. ...# .. # #. .# ..###
.# .# # .#. ..#. ..# . .
.# .. #..#...# #...# ..#
#...#..# #.#...## .
##@.....#
..#.....#######S......8#
..#≈≈#...#. #.x...##..##
.≈≈ ..## .+##S#......##
u . ###....Nu###.##.# .
### ..u##.## ## # #. .3
##§§§§§ # .#xN
.#§§§§§§.# #.
#.##§§§§§##


You could see a green very ugly thing, a worldbinder, 2 black mambas and a naga
(summoned).

Vanquished Creatures (others)
  A plant (Abyss:4)
  4 starspawn tentacles (Abyss:1)
5 creatures vanquished.

Notes
Turn   | Place    | Note
-------+----------+-------------------------------------------
     0 | Abyss:1  | tylerjbraun the Spriggan Abyssal Knight began the quest for
                  | the Orb.
     0 | Abyss:1  | Reached XP level 1. HP: 11/11 MP: 3/3
    56 | Abyss:1  | Noticed a small abomination
   136 | Abyss:1  | Noticed a smoke demon
   164 | Abyss:1  | Noticed a tentacled starspawn
   177 | Abyss:1  | Noticed a worldbinder
   180 | Abyss:1  | Noticed a tarantella
   180 | Abyss:1  | Noticed a jumping spider
   181 | Abyss:2  | Found a corrupted altar of Lugonu.
   238 | Abyss:3  | Noticed a neqoxec
   273 | Abyss:3  | Found a corrupted altar of Lugonu.
   311 | Abyss:3  | Noticed a large abomination
   323 | Abyss:4  | Found an opulent altar of Gozag.
   388 | Abyss:4  | Noticed a sixfirhy
   399 | Abyss:4  | Noticed a large abomination
   405 | Abyss:4  | Noticed a worldbinder
   408 | Abyss:4  | Noticed a green very ugly thing
   408 | Abyss:4  | Noticed a green ugly thing
   409 | Abyss:4  | Noticed a black mamba
   409 | Abyss:4  | Noticed a naga
   409 | Abyss:4  | Noticed a ynoxinul
   410 | Abyss:4  | Noticed a green ugly thing
   413 | Abyss:4  | Noticed a naga
   413 | Abyss:4  | Noticed a naga
   413 | Abyss:4  | Noticed a naga
   413 | Abyss:4  | Noticed a green very ugly thing
   413 | Abyss:4  | Noticed a green very ugly thing
   425 | Abyss:4  | Noticed a naga
   425 | Abyss:4  | Noticed a naga
   425 | Abyss:4  | Noticed a naga
   449 | Abyss:4  | Identified the +9 dagger of the Doomed Warrior {vorpal, Fly
                  | rElec rN+ Str+3}
   464 | Abyss:4  | Killed by a magical explosion

Illustrated notes

Levels and vault maps discovered:
Abyss:4:  base: Temple, abyss_greek_temple,
          hangedman_abyss_or_decor_lesser_grid, evilmike_abyss_rune_ettins,
          abyss_greek_temple, hangedman_decor_lopped,
          kilobyte_mutagenic_chamber, evilmike_abyss_rune_tso_outpost

Action                   || total
-------------------------++-------
  Use: Scroll            ||     4
Armor: Robe              ||     1
Dodge: Dodged            ||     6
